 Dungeon Sprint DCSS version 0.19.1 (webtiles) character file.

70 equalderp2856 the Gouger (level 4, 0/22 HPs)
             Began as a Felid Fighter on Dec 1, 2016.
             Was an Initiate of Gozag.
             Slain by a wraith (14 damage)
             ... in the Dungeon (Sprint IX: "|||||||||||||||||||||||||||||").
             The game lasted 00:02:20 (1016 turns).

equalderp2856 the Gouger (Felid Fighter)            Turns: 1016, Time: 00:02:21

Health: 0/22       AC:  1    Str: 13    XL:     4   Next: 4%
Magic:  5/5        EV: 22    Int: 10    God:    Gozag
Gold:   0          SH:  0    Dex: 15    Spells: 0 memorised, 3 levels left
                                        Lives:  0   Deaths: 1

rFire  . . .     SeeInvis +       - Unarmed
rCold  . . .     Gourm    .     (armour unavailable)
rNeg   . . .     Faith    .     (shield unavailable)
rPois  .         Spirit   .     (helmet unavailable)
rElec  .         Reflect  .     (cloak unavailable)
rCorr  .         Harm     .     (gloves unavailable)
MR     .....     NoTele   +     (boots unavailable)
Stlth  ++........               (no amulet)
                                (no ring)
                                (no ring)

@: slowed, slow
A: no armour, no weapons or thrown items, stealth, claws 1, fangs 3, see
invisible, carnivore 3, speed 1, shaggy fur 1, slow metabolism 1, sharp paws
a: Potion Petition, Call Merchant, Bribe Branch, Renounce Religion


You were in the Dungeon.
You worshipped Gozag.
Gozag was noncommittal.
You were not hungry.

You visited 1 branch

Inventory:

Jewellery
 m - a +3 ring of dexterity
 n - a +3 ring of intelligence
Wands
 l - a wand of acid (7/15)
Scrolls
 h - 2 scrolls of blinking
 j - 3 scrolls of remove curse
 k - 2 scrolls of amnesia
Potions
 a - a potion of might
 c - 5 potions of curing
 d - 3 potions of heal wounds
 e - a potion of haste
 f - 4 potions of magic
 g - a potion of berserk rage
 i - a potion of invisibility
Comestibles
 b - a meat ration


   Skills:
 + Level 4.8 Fighting
 + Level 7.5 Dodging
 + Level 1.9 Stealth
 + Level 8.8 Unarmed Combat


You had 3 spell levels left.
You didn't know any spells.

Dungeon Overview and Level Annotations

Branches:
Dungeon (1/1)

Altars:
Cheibriados
Dithmenos
Elyvilon
Fedhas
Gozag
Hepliaklqana
Kikubaaqudgha
Makhleb
Nemelex Xobeh
Okawaru
Qazlal
Ru
Sif Muna
Trog
Uskayaw
Vehumet
Xom
Yredelemnul
Zin
The Shining One
Beogh
Jiyva
Lugonu


Innate Abilities, Weirdness & Mutations

You cannot wear armour.
You are incapable of wielding weapons or throwing items.
Your paws allow you to move quietly. (Stealth)
You have sharp claws.
You have razor-sharp teeth.
You have supernaturally acute eyesight. (SInv)
You are carnivorous and can eat meat at any time.
You cover ground quickly.
You are covered in fur. (AC +1)
You have a slow metabolism.
Your sharp claws are effective at attacking unaware monsters.


Message History

The phantom misses you. The wraith completely misses you.
You barely miss the phantom.
The phantom is moderately damaged.
The wraith barely misses you. The phantom closely misses you.
You scratch the phantom. You bite the phantom.
The phantom is heavily damaged.
The phantom completely misses you. The wraith barely misses you.
You claw the phantom!
The phantom is severely damaged.
The phantom misses you. The wraith hits you! The wraith drains your vigour!
You feel yourself slow down.
You closely miss the phantom.
The phantom is severely damaged.
The wraith barely misses you. The phantom misses you.
You miss the phantom.
The phantom is severely damaged.
The wraith hits you!
Ouch! That really hurt!
You die...
Your body crumbles into a pile of gold. $ $$$$$

$$
▓▓▓▓▓▓▓▓▓▓▓▓▓▓▓▓▓▓
.................▓
▓▓▓▓▓▓▓▓▓▓▓▓▓▓▓▓W▓
$Y.JK.. ...alZpW@▓
▓▓▓▓▓▓▓ ▓▓▓▓▓▓▓▓▓▓


You could see a death knight, a phantom, a soldier ant, a wraith, a wyvern and
an adder zombie.

Vanquished Creatures
  A crimson imp (D)
  A jelly (D)
  2 hounds (D)
  An adder zombie (D)
  A worm (D)
  2 bats (D)
  A giant cockroach (D)
  A hobgoblin (D)
  A kobold (D)
11 creatures vanquished.

Notes
Turn   | Place    | Note
-------+----------+-------------------------------------------
     0 | D        | equalderp2856 the Felid Fighter began the quest for the Orb.
     0 | D        | Reached XP level 1. HP: 10/10 MP: 2/2
    23 | D        | Reached skill level 5 in Unarmed Combat
    70 | D        | Noticed a hound
    70 | D        | Noticed a crimson imp
    70 | D        | Noticed a jelly
    77 | D        | Killed a hound
    77 | D        | Reached skill level 5 in Dodging
    77 | D        | Reached skill level 6 in Unarmed Combat
    77 | D        | Reached XP level 2. HP: 7/15 MP: 3/3
    77 | D        | Reached XP level 3. HP: 9/18 MP: 4/4
   264 | D        | Reached skill level 7 in Unarmed Combat
   264 | D        | Reached XP level 4. HP: 5/22 MP: 5/5
   518 | D        | Reached skill level 1 in Stealth
   518 | D        | Reached skill level 8 in Unarmed Combat
   645 | D        | Found a roughly hewn altar of Beogh.
   645 | D        | Found a snail-covered altar of Cheibriados.
   645 | D        | Found a shadowy altar of Dithmenos.
   645 | D        | Found a white marble altar of Elyvilon.
   645 | D        | Found a blossoming altar of Fedhas.
   645 | D        | Found an opulent altar of Gozag.
   646 | D        | Found a hazy altar of Hepliaklqana.
   647 | D        | Found a viscous altar of Jiyva.
   648 | D        | Found an ancient bone altar of Kikubaaqudgha.
   649 | D        | Found a corrupted altar of Lugonu.
   650 | D        | Found a burning altar of Makhleb.
   651 | D        | Found a sparkling altar of Nemelex Xobeh.
   652 | D        | Found an iron altar of Okawaru.
   653 | D        | Found a stormy altar of Qazlal.
   654 | D        | Found a sacrificial altar of Ru.
   655 | D        | Found a deep blue altar of Sif Muna.
   656 | D        | Found a bloodstained altar of Trog.
   657 | D        | Found a hide-covered altar of Uskayaw.
   658 | D        | Found a radiant altar of Vehumet.
   659 | D        | Found a shimmering altar of Xom.
   660 | D        | Found a basalt altar of Yredelemnul.
   661 | D        | Found a glowing silver altar of Zin.
   662 | D        | Found a glowing golden altar of the Shining One.
   715 | D        | Became a worshipper of Gozag Ym Sagoz the Greedy
   744 | D        | Noticed a wyvern
   744 | D        | Noticed a sky beast
   744 | D        | Noticed a big kobold
   749 | D        | Reached XP level 5. HP: 19/25 MP: 6/6
   970 | D        | HP: 1/25 [wyvern (11)]
   973 | D        | Slain by a wyvern
   974 | D        | Reached XP level 4. HP: -1/22 MP: 5/5
  1005 | D        | Noticed a soldier ant
  1005 | D        | Noticed a wyvern
  1005 | D        | Noticed a death knight
  1005 | D        | Noticed a phantom
  1005 | D        | Noticed a wraith
  1016 | D        | Slain by a wraith

Skill      XL: |  1  2  3  4 |
---------------+-------------+-----
Unarmed Combat | 6 7 8 |  8.8
Fighting       | 4 |  4.8
Dodging        | 5 6 7 |  7.5
Stealth        | 1 |  1.9

Action                   |  1- 3 |  4- 6 || total
-------------------------+-------+-------++-------
Melee: Unarmed           |    53 |    33 ||    86
       Punch             |     3 |     2 ||     5
       Bite              |     1 |     4 ||     5
 Stab: Distracted        |       |     1 ||     1
Armor: Skin              |     5 |     1 ||     6
Dodge: Dodged            |    43 |    29 ||    72
